 Dungeon Crawl Stone Soup version 0.29-a0-824-gd827844252 (webtiles) character file.

Game seed: 14280526565049936156

238 murderhobo the Shield-Bearer (level 6, 0/48 HPs)
             Began as a Formicid Fighter on July 9, 2022.
             Slain by an ogre
             ... wielding a +0 giant club
              (20 damage)
             ... on level 4 of the Dungeon.
             The game lasted 00:06:19 (4420 turns).

murderhobo the Shield-Bearer (Formicid Fighter)     Turns: 4420, Time: 00:06:20

Health: 0/48       AC:  8    Str: 23    XL:     6   Next: 28%
Magic:  6/6        EV: 10    Int:  7    God:
Gold:   161        SH:  5    Dex: 13    Spells: 5/5 levels left

rFire   . . .      SeeInvis +   t - +1 falchion (elec)
rCold   . . .      Faith    .   c - +0 buckler
rNeg    . . .      Spirit   .   b - +0 scale mail
rPois   .          Reflect  .   (helmet unavailable)
rElec   .          Harm     .   x - +0 cloak
rCorr   .          Rampage  .   (no gloves)
Will    .....                   (no boots)
Stlth   ..........              (no amulet)
HPRegen 0.16/turn               (no ring)
MPRegen 0.10/turn               (no ring)

@: no status effects
A: permanent stasis, dig shafts and tunnels, antennae 3, four strong arms
a: Dig, Shaft Self


You were on level 4 of the Dungeon.
You visited 1 branch of the dungeon, and saw 4 of its levels.

You collected 161 gold pieces.

Inventory:

Hand Weapons
 a - a +0 long sword
 t - a +1 falchion of electrocution (weapon)
Missiles
 f - 2 poisoned darts
Armour
 b - a +0 scale mail (worn)
 c - a +0 buckler (worn)
 x - a +0 cloak (worn)
Scrolls
 e - 9 scrolls of identify {unknown}
 g - a scroll of enchant weapon {unknown}
 k - a scroll of summoning {unknown}
 m - a scroll of amnesia {unknown}
 q - a scroll of fog {unknown}
 r - a scroll of noise {unknown}
Potions
 d - 2 potions of might
 h - 2 potions of flight {unknown}
 i - a potion of ambrosia {unknown}
 j - a potion of haste {unknown}
 l - 2 potions of lignification {unknown}
 n - a potion of resistance {unknown}
 o - 2 potions of degeneration {unknown}
 p - a potion of mutation {unknown}
 s - a potion of brilliance {unknown}
 u - a potion of berserk rage {unknown}
 v - a potion of magic {unknown}
 w - a potion of invisibility {unknown}


   Skills:
 + Level 4.0 Fighting
 - Level 1.0(2.6) Short Blades
 * Level 3.9(4.0) Long Blades
 + Level 4.2 Armour
 + Level 1.8 Dodging
 + Level 4.9 Shields


You had 5 spell levels left.
You didn't know any spells.
Your spell library contained the following spells:

 Spells                   Type           Power      Damage    Failure   Level
 Static Discharge         Conj/Air       0%         3-3/arc   91%         2
 Dazzling Flash           Conj/Hex       0%         N/A       99%         3
 Ozocubu's Armour         Ice            0%         N/A       99%         3
 Dispel Undead            Necr           0%         3d6       100%        4
 Sticky Flame             Conj/Fire      0%         2d3       100%        4
 Agony                    Necr           0%         N/A       100%        5
 Silence                  Hex/Air        0%         N/A       100%        5
 Ozocubu's Refrigeration  Ice            0%         4d5       100%        7


Dungeon Overview and Level Annotations

Branches:
Dungeon (4/15)             Temple (0/1) D:4

Altars:

Portals:
Abyss: D:3

Annotations:
D:3 2 transporters, nago's ghost, weakling DgAM


Innate Abilities, Weirdness & Mutations

You cannot be hasted, slowed, berserked, paralysed or teleported.
You can dig through walls and to a lower floor.
You have a pair of large antennae on your head. (SInv)
Your four strong arms can wield two-handed weapons with a shield.


Message History

The orc hits you but does no damage. The orc attacks as you move away!
The orc hits you with a +0 club. The orc attacks as you move away!
The orc closely misses you. The orc attacks as you move away!
The orc hits you but does no damage.
There is a stone staircase leading up here.
The orc attacks as you move away! The orc barely misses you.
The orc attacks as you move away! The orc barely misses you.
The orc barely misses you. The orc closely misses you.
The orc attacks as you move away! The orc hits you with a +0 flail.
The orc attacks as you move away! The orc hits you but does no damage.
The orc attacks as you move away! You block the orc's attack.
A hobgoblin comes into view.
The hobgoblin shouts!
The orc attacks as you move away! The orc closely misses you.
The orc attacks as you move away! The orc hits you with a +0 club.
The orc attacks as you move away! You block the orc's attack.
The hobgoblin hits you. The hobgoblin attacks as you move away!
You block the hobgoblin's attack. The hobgoblin attacks as you move away!
The hobgoblin barely misses you.
You hit the hobgoblin.
You kill the hobgoblin!
You closely miss the orc. You block the orc's attack.
You barely miss the orc. You block the orc's attack.
You slash the orc!
You kill the orc!
You hit the orc.
The orc is heavily wounded.
The orc hits you with a +0 flail.
You closely miss the orc.
The orc is heavily wounded.
The orc misses you. The orc barely misses you.
You hit the orc. Lightning courses through the orc!
You kill the orc!
You hit the orc. Lightning courses through the orc!
You kill the orc!
You hit the goblin. Lightning courses through the goblin!!
You kill the goblin!
You hit the ogre but do no damage.
The ogre hits you with a +0 giant club!!
You die...

..................
#..........####... .
#............<...) ..
#..........O...... ..
#..........####... ..
#.##.###{......... #.
#.......{o........
##..####o###..###.#...
#....@Oo.............#
##.#####..........#...
#.###..##..#..# ...
........ #.###..## ..
..# ..# #.# .#


You could see an ogre and 2 orcs.

Vanquished Creatures
  Crazy Yiuf (D:3)
  2 orc priests (D:3)
  An orc wizard (D:3)
  A gnoll (D:1)
  3 adders (D:3)
  A worm (D:3)
  2 dart slugs (D:1)
  11 orcs
  6 endoplasms
  3 giant cockroaches
  7 goblins
  5 hobgoblins
  3 jackals (D:3)
  A quokka (D:1)
  6 ball pythons
  5 bats
  5 frilled lizards
  6 kobolds
  5 rats
74 creatures vanquished.

Notes
Turn   | Place    | Note
-------+----------+-------------------------------------------
     0 | D:1      | murderhobo the Formicid Fighter began the quest for the
                  | Orb.
     0 | D:1      | Reached XP level 1. HP: 18/18 MP: 1/1
    70 | D:1      | Reached XP level 2. HP: 23/24 MP: 2/2
   546 | D:1      | Reached skill level 1 in Short Blades
   546 | D:1      | Reached XP level 3. HP: 15/29 MP: 3/3
   778 | D:1      | Found a faded altar of an unknown god.
  1531 | D:2      | Reached XP level 4. HP: 32/35 MP: 4/4
  2715 | D:3      | Found a transporter.
  2720 | D:3      | Noticed nago's ghost (weakling DgAM)
  2723 | D:3      | Noticed a kobold brigand
  2724 | D:3      | Found a one-way gate to the infinite horrors of the Abyss.
  3076 | D:3      | Reached skill level 1 in Dodging
  3149 | D:3      | Found a runed translucent door.
  3150 | D:3      | Noticed Crazy Yiuf
  3308 | D:3      | Noticed a small abomination
  3341 | D:3      | Found a transporter.
  3605 | D:3      | Reached XP level 5. HP: 42/42 MP: 5/5
  3831 | D:3      | Reached XP level 6. HP: 32/48 MP: 6/6
  4211 | D:3      | Killed Crazy Yiuf
  4378 | D:4      | Found a staircase to the Ecumenical Temple.
  4389 | D:4      | Noticed an ogre
  4420 | D:4      | Slain by an ogre

Illustrated notes

Levels and vault maps discovered:
D:1:      lightli_arrival_quake, layout_basic, shapermc_ecumenical_altar_ellora,
          chequers_jeans, minmay_box_of_dots
D:2:      layout_basic
D:3:      layout_basic, gammafunk_ghost_abyssal_escape, uniq_crazy_yiuf_cottage
D:4:      layout_basic, minmay_temple_entry_grid, kennysheep_small_circle

Skill      XL: |  1  2  3  4  5  6 |
---------------+-------------------+-----
Short Blades   | 1 |  1.0
Long Blades    | 3 |  3.9
Dodging        | 1 |  1.8
Armour         | 4 |  4.2
Fighting       | 4 |  4.0
Shields        | |  4.9

Action                   |  1- 3 |  4- 6 || total
-------------------------+-------+-------++-------
Melee: Long sword        |   104 |    31 ||   135
       Falchion          |       |   126 ||   126
Armor: Scale mail        |    46 |    46 ||    92
Dodge: Dodged            |    41 |    73 ||   114
Block: Buckler           |    24 |    41 ||    65

Table legend: (Time is in decaauts)
 A = Elapsed time spent in this place.
 B = Non-inter-level travel time spent in this place.
 C = Inter-level travel time spent in this place.
 D = Time resting spent in this place.
 E = Time spent auto-exploring this place.
 F = Levels seen in this place.
 G = Mean time per level.
                   A        B        C        D        E       F      G
               +--------+--------+--------+--------+--------+-----+--------+
         Total |   4479 |   4286 |    193 |    302 |   3351 |   4 | 1119.8 |
       Dungeon |   4479 |   4286 |    193 |    302 |   3351 |   4 | 1119.8 |
               +--------+--------+--------+--------+--------+-----+--------+

Top non-repeatable levels by time:
     D:3: 1635 daAuts
     D:2: 1570 daAuts
     D:1: 1229 daAuts
     D:4: 44 daAuts
